 Dungeon Crawl Stone Soup version 0.30-a0-948-g4fa250aae5 (webtiles) character file.

Game seed: 12414765661143718212

7952 quinnr the Zephyrmancer (level 11, -12/100 HPs)
             Began as a Naga Air Elementalist on Mar 26, 2023.
             Was an Elder of Sif Muna.
             Mangled by a red ugly thing (23 damage)
             ... on level 10 of the Dungeon.
             The game lasted 00:28:11 (12443 turns).

quinnr the Zephyrmancer (Naga Air Elementalist)    Turns: 12443, Time: 00:28:12

Health: -12/100    AC:  7    Str: 10    XL:     11   Next: 23%
Magic:  24/29      EV: 12    Int: 20    God:    Sif Muna [****..]
Gold:   483        SH:  0    Dex: 21    Spells: 10/23 levels left

rFire   . . .      SeeInvis +    G - +1 dagger (venom)
rCold   . . .      Faith    +    (no shield)
rNeg    . . .      Spirit   .    q - +1 robe of the Cricket {MP+9 Dex+3}
rPois   +          Reflect  .    g - +0 helmet
rElec   .          Rampage  .    A - +0 cloak
rCorr   .                        (no gloves)
Will    +....                    (no barding)
Stlth   ++++                     I - amulet of faith {!P}
HPRegen 0.36/turn                D - +6 ring of dexterity
MPRegen 0.21/turn                L - ring of flight

@: flying, very slow
A: AC +3, large, see invisible, deformed body, poison resistance, slowness 2,
spit poison 1, naga tail 1
a: Spit Poison, Renounce Religion, Channel Magic, Forget Spell, Divine Exegesis


You were on level 10 of the Dungeon.
You worshipped Sif Muna.
Sif Muna was greatly pleased with you.
You visited 1 branch of the dungeon, and saw 10 of its levels.

You collected 513 gold pieces.
You spent 30 gold pieces at shops.


Innate Abilities, Weirdness & Mutations

Your serpentine skin is tough. (AC +3)
You have supernaturally acute eyesight. (SInv)
Armour fits poorly on your strangely shaped body.
Your system is resistant to poisons. (rPois)
You cover ground very slowly.
You can spit poison.
You have a snake-like lower body.


   Skills:
 + Level 7.0 Fighting
 - Level 4.0 Dodging
 - Level 9.0 Stealth
 + Level 6.6 Spellcasting
 - Level 5.0 Conjurations
 - Level 3.0 Fire Magic
 - Level 11.0 Air Magic


You had 10 spell levels left.
You knew the following spells:

 Your Spells              Type           Power      Damage    Failure   Level
a - Airstrike             Air            25%        2d(4-20)  1%          4
i - Swiftness             Air            50%        N/A       1%          3
t - Static Discharge      Conj/Air       76%        2-6/arc   1%          2
z - Shock                 Conj/Air       100%       1d9       1%          1
X - Kindle Blastsparks    Fire/Tloc/Air  50%        2d14      4%          3

Your spell library contained the following spells:

 Spells                   Type           Power      Damage    Failure   Level
 Sandblast                Erth           12%        2d6       10%         1
 Dazzling Flash           Conj/Hex       32%        N/A       11%         3
 Ensorcelled Hibernation  Hex/Ice        12%        N/A       16%         2
 Silence                  Hex/Air        14%        N/A       28%         5
 Ozocubu's Armour         Ice            6%         N/A       30%         3
 Fulminant Prism          Conj/Hex       8%         3d7       34%         4
 Iskenderun's Mystic Bla  Conj/Tloc      16%        2d5       34%         4
 Agony                    Necr           6%         N/A       95%         5
 Lee's Rapid Deconstruct  Erth           3%         3d5*      95%         5
 Metabolic Englaciation   Hex/Ice        3%         N/A       95%         5
 Simulacrum               Ice/Necr       3%         N/A       100%        6

Inventory:

Hand Weapons
 p - a +0 whip of venom
 G - a +1 dagger of venom (weapon)
Missiles
 a - 4 throwing nets {=f}
Armour
 g - a +0 helmet (worn)
 q - the +1 robe of the Cricket (worn) {MP+9 Dex+3}
   (You found it on level 4 of the Dungeon)

   Dex:       It affects your dexterity (+3).
   MP:        It affects your magic capacity (+9).
 A - a +0 cloak (worn)
Jewellery
 D - a +6 ring of dexterity (left hand)
 F - a ring of fire
 I - an amulet of faith (around neck) {!P}
 J - an amulet of guardian spirit
 L - a ring of flight (right hand)
Wands
 B - a wand of flame (13)
 K - a wand of iceblast (6)
 N - a wand of charming (6)
Scrolls
 d - 8 scrolls of teleportation {@r2}
 e - 2 scrolls of fog
 f - a scroll of poison {unknown}
 i - a scroll of enchant armour {unknown}
 j - 4 scrolls of vulnerability
 m - 2 scrolls of magic mapping {unknown}
 n - a scroll of immolation
 o - a scroll of amnesia {unknown}
 s - a scroll of butterflies
 u - a scroll of enchant weapon {unknown}
 v - 2 scrolls of blinking {unknown}
 y - a scroll of brand weapon {unknown}
 C - a scroll of silence {unknown}
 E - a scroll of identify {@r1}
Potions
 b - 2 potions of magic
 c - a potion of attraction
 h - 2 potions of mutation
 k - 2 potions of heal wounds {@q2}
 l - 2 potions of resistance
 r - a potion of invisibility
 t - 2 potions of might
 w - 2 potions of cancellation {unknown}
 x - 2 potions of flight
 z - a potion of lignification
 H - 4 potions of curing {@q1}
 M - a potion of berserk rage {unknown}

Dungeon Overview and Level Annotations

Branches:
Dungeon (10/15)            Temple (0/1) D:7            Lair (0/5) D:8
    Orc: D:9-12

Altars:
Ashenzari
Fedhas
Kikubaaqudgha
Makhleb
Sif Muna
Trog
Vehumet
Xom
Yredelemnul
Zin

Shops:
D:3 *   D:7 [

Annotations:
D:8 exclusion: cyclops

## ....... ... ..##.....##
...# ......†...# ...#
..#..†.†..# #..
..........## .. .........
.. # ........# .# . #
#/u##.####.# ####
##.@#......# #... #
##......... #... ###.###
##..#..##. #...
#......###.###..#...###...
##...#........?...........
...........####..######...
##.##..#### #......#...
####..##..# ######.....
........#.############...#.


You could see a red ugly thing.


Message History

You hit the red ugly thing.
The red ugly thing is severely wounded.
The red ugly thing engulfs you!
You are engulfed in flames!
The red ugly thing attacks as you move away!
The red ugly thing misses you.
You have got your breath back.
Casting: Airstrike (mildly dangerous; 1% risk of failure)
Confirm with . or Enter, or press ? or * to list all spells.
Aiming: Shock (safe; 1% risk of failure)
Press: ? - help, Shift-Dir - straight line, f/p - red ugly thing
Aim: a red ugly thing (severely wounded, 74% to hit)
The zap hits the red ugly thing.
The red ugly thing is severely wounded.
The red ugly thing engulfs you.
You are engulfed in flames!
* * * LOW HITPOINT WARNING * * *
Magic courses through your body. The red ugly thing engulfs you.
* * * LOW HITPOINT WARNING * * *
You are engulfed in flames!
* * * LOW HITPOINT WARNING * * *
Casting: Shock (safe; 1% risk of failure)
Confirm with . or Enter, or press ? or * to list all spells.
Aiming: Airstrike (mildly dangerous; 1% risk of failure)
Press: ? - help, Dir - move target, f/p - red ugly thing
Aim: a red ugly thing (severely wounded, empty space bonus: 4/8)
The air twists around and strikes the red ugly thing!
The red ugly thing is almost dead.
The red ugly thing engulfs you.
* * * LOW HITPOINT WARNING * * *
You are engulfed in flames!!
You die...

Skill      XL: |  1  2  3  4  5  6  7  8  9 10 11 |
---------------+----------------------------------+-----
Stealth        | 4 6 8 9 |  9.0
Spellcasting   | 3 5 6 |  6.6
Air Magic      | 4 5 6 7 10 11 | 11.0
Fighting       | 2 4 5 6 7 |  7.0
Dodging        | 2 4 |  4.0
Conjurations   | 3 4 5 |  5.0
Fire Magic     | 3 |  3.0

Action                     |  1- 3 |  4- 6 |  7- 9 | 10-12 || total
---------------------------+-------+-------+-------+-------++-------
  Melee: Unarmed           |     9 |    22 |     2 |       ||    33
         Whip              |       |       |     5 |     4 ||     9
         Dagger            |       |       |       |     2 ||     2
   Cast: Shock             |    60 |    95 |   103 |   107 ||   365
         Static Discharge  |     7 |    13 |    17 |    26 ||    63
         Airstrike         |       |     4 |    77 |    76 ||   157
         Kindle Blastspark |       |       |     1 |       ||     1
Ability: Spit Poison       |       |     3 |     5 |     3 ||    11
  Evoke: Wand              |       |       |       |     1 ||     1
    Use: Scroll            |       |     4 |     8 |     1 ||    13
         Potion            |       |     3 |     2 |     1 ||     6
   Stab: Sleeping          |     1 |       |       |       ||     1
 Armour: Robe              |     8 |    11 |    11 |    23 ||    53
  Dodge: Dodged            |    23 |    29 |    41 |    64 ||   157

Levels and vault maps discovered:
D:1:      scummos_arrival_hexagon, layout_loops_ring
D:2:      layout_basic, basic_altar, nicolae_figureground_sparkle, uniq_jessica
D:3:      layout_basic, grunt_temple_overflow_open, serial_shops, shop
D:4:      wad_river_or_something, layout_basic, minitemple, uniq_sigmund
D:5:      layout_loops_ring, lemuel_coloured_pillars_altar, uniq_duvessa
D:6:      layout_cave_pools, xom_confusion_cloud, nicolae_fountain_basement,
          uniq_eustachio, uniq_menkaure
D:7:      layout_loops_ring, general_overflow_altar,
          minmay_temple_entry_enclosed_plants, serial_shops,
          nicolae_square_shop, uniq_crazy_yiuf_cottage
D:8:      layout_basic, kiku_gazebo_garden_becter, trog_hazing_becter,
          nicolae_ashenzari_skybound, lair_entry_dummy,
          chequers_serial_rivers_room_b
D:9:      layout_roguey [special_room_orc], serial_bayou_pond_a
D:10:     layout_rooms, uniq_maurice

Notes
Turn   | Place    | Note
-------+----------+-------------------------------------------
     0 | D:1      | quinnr the Naga Air Elementalist began the quest for the
                  | Orb.
     0 | D:1      | Reached XP level 1. HP: 15/15 MP: 3/3
   409 | D:1      | Reached XP level 2. HP: 22/22 MP: 3/5
  1088 | D:2      | Learned a level 2 spell: Static Discharge
  1101 | D:2      | Reached XP level 3. HP: 18/28 MP: 1/6
  1166 | D:2      | Reached skill level 4 in Stealth
  1608 | D:2      | Noticed Jessica
  2054 | D:2      | Killed Jessica
  2055 | D:2      | Reached XP level 4. HP: 19/36 MP: 4/8
  2143 | D:2      | Found a burning altar of Makhleb.
  2317 | D:3      | Learned a level 4 spell: Airstrike
  2467 | D:3      | Reached skill level 3 in Spellcasting
  2591 | D:3      | Found the +8 storm bow {elec, penet}
  2611 | D:3      | Found Mazuque's General Store.
  2619 | D:3      | Bought a scroll of teleportation for 30 gold pieces
  2776 | D:3      | Reached skill level 5 in Stealth
  2844 | D:3      | Found a shimmering blue altar of Sif Muna.
  2846 | D:3      | Found a basalt altar of Yredelemnul.
  2878 | D:3      | Became a worshipper of Sif Muna the Loreminder
  2934 | D:3      | Reached skill level 4 in Air Magic
  3253 | D:3      | Noticed an ice beast
  3264 | D:2      | Killed an ice beast
  3265 | D:2      | Reached skill level 6 in Stealth
  3265 | D:2      | Reached XP level 5. HP: 40/42 MP: 0/9
  3395 | D:3      | HP: 1/42 [orc priest/divine providence (12)]
  3400 | D:3      | Reached skill level 5 in Air Magic
  3400 | D:3      | Reached XP level 6. HP: 9/49 MP: 0/10
  4262 | D:4      | Reached skill level 6 in Air Magic
  4419 | D:4      | Got Homycub's Book of Volcanic Hoarfrost
  4492 | D:4      | Noticed Sigmund
  4572 | D:4      | Identified the +1 robe of the Cricket {MP+9 Dex+3}
  4715 | D:4      | Reached XP level 7. HP: 37/55 MP: 11/11
  5000 | D:4      | Reached skill level 7 in Air Magic
  5065 | D:4      | Reached * piety under Sif Muna
  5085 | D:4      | Killed Sigmund
  5086 | D:4      | Reached skill level 1 in Fighting
  5086 | D:4      | Reached skill level 2 in Dodging
  5231 | D:4      | Found a glowing silver altar of Zin.
  5233 | D:4      | Found a radiant altar of Vehumet.
  5398 | D:5      | Entered Level 5 of the Dungeon
  5479 | D:5      | Reached skill level 2 in Fighting
  5479 | D:5      | Reached XP level 8. HP: 67/67 MP: 13/13
  5581 | D:5      | Reached skill level 4 in Spellcasting
  5582 | D:5      | Identified the +3 chain mail of Xuw Axyn {rPois Int+2}
  5739 | D:5      | Reached skill level 3 in Fighting
  5739 | D:5      | Reached skill level 3 in Dodging
  5949 | D:5      | Noticed Duvessa
  6042 | D:6      | Identified 2 potions of resistance
  6094 | D:6      | Found a shimmering altar of Xom.
  6324 | D:5      | Killed Duvessa
  6325 | D:5      | Reached skill level 4 in Dodging
  6325 | D:5      | Reached skill level 5 in Spellcasting
  6347 | D:6      | Noticed Menkaure
  6440 | D:6      | Killed Menkaure
  6530 | D:6      | Reached skill level 4 in Fighting
  6530 | D:6      | Reached XP level 9. HP: 78/78 MP: 16/16
  7036 | D:6      | Noticed Eustachio
  7045 | D:6      | Learned a level 3 spell: Kindle Blastsparks
  7049 | D:6      | Killed Eustachio
  7050 | D:6      | Reached skill level 5 in Fighting
  7050 | D:6      | Reached skill level 8 in Air Magic
  7270 | D:7      | Noticed a hornet
  7277 | D:7      | Killed a hornet
  7278 | D:7      | Reached skill level 2 in Conjurations
  7460 | D:7      | Reached skill level 3 in Conjurations
  7747 | D:7      | Reached skill level 9 in Air Magic
  7842 | D:7      | Found Wacing's Armour Boutique.
  7990 | D:7      | Found a blossoming altar of Fedhas.
  8090 | D:7      | Reached ** piety under Sif Muna
  8311 | D:7      | Found a staircase to the Ecumenical Temple.
  8480 | D:7      | Found a runed translucent door.
  8481 | D:7      | Noticed Crazy Yiuf
  8600 | D:7      | Killed Crazy Yiuf
  8695 | D:7      | HP: 8/81 [/static electricity (2)]
  8699 | D:7      | Reached skill level 10 in Air Magic
  9045 | D:8      | Reached XP level 10. HP: 88/88 MP: 16/17
  9166 | D:8      | Noticed a cyclops
  9438 | D:8      | Found a staircase to the Lair.
  9571 | D:8      | Reached skill level 11 in Air Magic
  9613 | D:8      | Found an ancient bone altar of Kikubaaqudgha.
  9778 | D:8      | Found a broken altar of Ashenzari.
  9819 | D:8      | Learned a level 3 spell: Swiftness
  9871 | D:8      | Reached skill level 1 in Fire Magic
  9979 | D:8      | Found a bloodstained altar of Trog.
 10492 | D:9      | Reached *** piety under Sif Muna
 10619 | D:9      | Reached skill level 7 in Stealth
 10619 | D:9      | Reached skill level 2 in Fire Magic
 10829 | D:9      | Noticed an unseen horror
 10832 | D:9      | Killed an unseen horror
 11055 | D:9      | Reached skill level 4 in Conjurations
 11365 | D:9      | Reached skill level 6 in Fighting
 11365 | D:9      | Reached skill level 3 in Fire Magic
 11453 | D:9      | Reached skill level 8 in Stealth
 11462 | D:9      | Reached skill level 6 in Spellcasting
 11462 | D:9      | Reached XP level 11. HP: 81/97 MP: 10/20
 11902 | D:10     | Entered Level 10 of the Dungeon
 11914 | D:10     | Reached **** piety under Sif Muna
 11915 | D:10     | Reached skill level 5 in Conjurations
 12081 | D:10     | Noticed Maurice
 12087 | D:10     | Killed Maurice
 12088 | D:10     | Reached skill level 9 in Stealth
 12428 | D:10     | Reached skill level 7 in Fighting
 12433 | D:10     | Noticed a red ugly thing
 12443 | D:10     | Mangled by a red ugly thing

Vanquished Creatures
  Maurice (D:10)
  An unseen horror (D:9)
  A komodo dragon (D:10)
  A troll (D:9)
  2 hornets
  Sigmund (D:4)
  10 yaks (D:9)
  Eustachio (D:6)
  A steam dragon (D:9)
  Menkaure (D:6)
  An acid dragon (D:10)
  Duvessa (D:5)
  An orc warrior (D:9)
  3 ice beasts
  A black bear (D:5)
  3 sky beasts
  3 centaurs
  4 phantoms
  A kobold brigand (D:9)
  2 bullfrogs
  A gnoll sergeant (D:8)
  A scorpion (D:7)
  22 wights
  11 killer bees
  2 jellies
  4 hounds
  5 orc priests
  Crazy Yiuf (D:7)
  Jessica (D:2)
  6 iguanas
  8 orc wizards
  7 gnolls
  6 adders
  2 white imps
  An ufetubus (D:6)
  2 worms
  54 orcs
  6 ball pythons
  3 bats
  3 endoplasms
  4 giant cockroaches
  10 goblins
  13 hobgoblins
  7 jackals
  A quokka (D:2)
  5 frilled lizards
  9 kobolds
  2 rats (D:1)
237 creatures vanquished.

Vanquished Creatures (others)
  A black bear (D:6)
  A centaur (D:6)
  A plant (D:9)
  2 withered plants (D:8)
5 creatures vanquished.

Grand Total: 242 creatures vanquished

Table legend: (Time is in decaauts)
 A = Elapsed time spent in this place.
 B = Non-inter-level travel time spent in this place.
 C = Inter-level travel time spent in this place.
 D = Time resting spent in this place.
 E = Time spent auto-exploring this place.
 F = Levels seen in this place.
 G = Mean time per level.
                   A        B        C        D        E       F      G
               +--------+--------+--------+--------+--------+-----+--------+
         Total |  14484 |  14105 |    379 |   1923 |  10356 |  10 | 1448.4 |
       Dungeon |  14484 |  14105 |    379 |   1923 |  10356 |  10 | 1448.4 |
               +--------+--------+--------+--------+--------+-----+--------+

Top non-repeatable levels by time:
     D:2: 2022 daAuts
     D:9: 1864 daAuts
     D:7: 1839 daAuts
     D:4: 1729 daAuts
     D:8: 1586 daAuts
     D:6: 1426 daAuts
     D:1: 1344 daAuts
     D:3: 1332 daAuts
     D:5: 733 daAuts
    D:10: 604 daAuts

Table legend:
 A = Non-vault XP
 B = Vault XP
 C = Vault XP percentage of total XP
 D = Non-vault monster count
 E = Vault monster count
 F = Vault count percentage of total count
                 A         B        C        D         E       F
            +---------+---------+-------+---------+---------+-------
      Total |    9467 |    1894 |  16.7 |     183 |      55 |  23.1
            +---------+---------+-------+---------+---------+-------
        D:1 |      29 |       0 |   0.0 |      17 |       0 |   0.0
        D:2 |     187 |      37 |  16.5 |      14 |       1 |   6.7
        D:3 |     105 |       0 |   0.0 |      23 |       0 |   0.0
        D:4 |     401 |     307 |  43.4 |      20 |      10 |  33.3
        D:5 |     510 |     142 |  21.8 |      13 |       1 |   7.1
        D:6 |     605 |     620 |  50.6 |      10 |       8 |  44.4
        D:7 |    1414 |      41 |   2.8 |      18 |       1 |   5.3
        D:8 |    1459 |      15 |   1.0 |      20 |       7 |  25.9
        D:9 |    3758 |     252 |   6.3 |      33 |      26 |  44.1
       D:10 |     999 |     480 |  32.5 |      15 |       1 |   6.2
            +---------+---------+-------+---------+---------+-------
